AoeStats
← Flowrider

Black Forest

508753698Analyzed
2v2 RM · 7d ago on Sep 23, 2026· 47m 53s· 4 players
Game mode
Random Map
Map size
Medium (4 player)
Population
200
Speed
Normal
Resources
Standard
Victory
Conquest
Starting age
Dark Age
Ending age
Imperial Age
RankedLock teamsTeams togetherTeam positionsShared explorationLock speedFull tech treeHidden civsTurbo modeCheats
Victory
Defeat
🇫🇷 Spanish · France
822
+12
🇩🇪 Goths · Germany
767
+15
🇮🇹 Byzantines · Italy
758
-14
🇮🇹 Romans · Italy
723
-13
Flowrider
11:49 Feudal Age
12:39 Double-Bit Axe
12:36 Horse Collar
13:11 Gold Mining
17:53 Castle Age
21:27 Bow Saw
22:44 Wheelbarrow
22:32 Stone Mining
22:55 Forging
22:45 Scale Mail Armor
23:04 Heavy Plow
24:56 Hand Cart
25:36 Stone Shaft Mining
33:05 Iron Casting
32:30 Scale Mail Armor
32:20 Fletching
32:31 Padded Archer Armor
32:35 Anarchy
36:12 Imperial Age
34:06 Ballistics
35:12 Chain Mail Armor
34:52 Bodkin Arrow
36:13 Leather Archer Armor
37:54 Blast Furnace
37:59 Chemistry
36:33 Elite Huskarl
37:22 Perfusion
37:29 Bracer
38:32 Two-Man Saw
38:05 Crop Rotation
41:39 Ring Archer Armor
41:12 Squires
40:33 Pikeman
41:22 Halberdier
牛胜newsheng8
12:58 Feudal Age
13:51 Double-Bit Axe
14:38 Horse Collar
15:33 Fishing Lines
17:47 Gold Mining
17:48 Stone Mining
18:03 Loom
22:18 Castle Age
21:45 Loom
22:39 Wheelbarrow
22:07 Fletching
23:15 Bow Saw
23:45 Stone Shaft Mining
23:27 Heavy Plow
24:53 Pikeman
28:34 Squires
28:19 Arson
28:57 Inquisition
29:06 Scale Mail Armor
32:35 Ballistics
32:11 Murder Holes
34:39 Hand Cart
39:54 Imperial Age
41:54 Chemistry
40:43 Elite Conquistador
41:44 Supremacy
41:45 Conscription
43:38 Forging
43:35 Scale Barding Armor
43:31 Padded Archer Armor
43:41 Forging
43:37 Scale Barding Armor
45:18 Scale Barding Armor
45:28 Chain Mail Armor
45:49 Iron Casting
45:09 Bodkin Arrow
45:30 Leather Archer Armor
47:39 Two-Man Saw
sirmallius
13:21 Loom
15:06 Feudal Age
16:40 Double-Bit Axe
16:54 Stone Mining
19:09 Castle Age
17:51 Horse Collar
18:08 Gold Mining
22:10 Heavy Plow
23:34 Bow Saw
24:25 Gold Shaft Mining
24:55 Man-at-Arms
25:52 Forging
25:42 Scale Mail Armor
37:35 Chain Mail Armor
37:55 Iron Casting
43:11 Imperial Age
42:48 Long Swordsman
45:04 Blast Furnace
45:08 Crop Rotation
46:30 Chemistry
45:13 Legionary
46:54 Heavy Scorpion
Cuordipallone
1:37 Loom
14:28 Feudal Age
17:34 Gold Mining
17:33 Double-Bit Axe
17:33 Horse Collar
20:48 Castle Age
20:10 Stone Mining
21:26 Fishing Lines
22:40 Bow Saw
26:12 Wheelbarrow
27:38 Elite Skirmisher
29:49 Forging
29:39 Scale Mail Armor
29:45 Scale Barding Armor
29:31 Fletching
29:41 Padded Archer Armor
32:36 Chain Mail Armor
32:41 Chain Barding Armor
32:58 Iron Casting
38:14 Hand Cart
44:14 Imperial Age
43:39 Bodkin Arrow
43:59 Leather Archer Armor
45:48 Elite Varangian Guard
Connection lost

Rejoining the realm…

Still unreachable

The connection could not be restored.

Session expired

The server has moved on; the page needs a fresh start.